 Dungeon Crawl Stone Soup version 0.28-a0-769-g550dbda0cd (webtiles) character file.

Game seed: 14594828525724132692

144 funkygono the Firebug (level 5, -2/28 HPs)
             Began as a Gargoyle Fire Elementalist on Nov 1, 2021.
             Slain by an orc (7 damage)
             ... on level 3 of the Dungeon.
             The game lasted 00:03:50 (2680 turns).

funkygono the Firebug (Gargoyle Fire Elementalist)  Turns: 2680, Time: 00:03:51

Health: -2/28      AC:  6    Str: 11    XL:     5   Next: 26%
Magic:  0/9        EV: 12    Int: 17    God:
Gold:   102        SH:  0    Dex: 10    Spells: 3/9 levels left

rFire   . . .      SeeInvis .   h - +0 whip (elec)
rCold   . . .      Faith    .   (no shield)
rNeg    + . .      Spirit   .   a - +0 robe
rPois   ∞          Reflect  .   (no helmet)
rElec   +          Harm     .   (no cloak)
rCorr   +          Rampage  .   (no gloves)
Will    .....                   (no boots)
Stlth   +.........              (no amulet)
HPRegen 0.09/turn               e - ring of resist corrosion
MPRegen 0.11/turn               (no ring)

@: confused
A: sickness immunity, AC +4, negative energy resistance 1, electricity
resistance, torment resistance 1, petrification resistance
a: no special abilities


You were on level 3 of the Dungeon.
You visited 1 branch of the dungeon, and saw 3 of its levels.

You collected 102 gold pieces.

Inventory:

Hand Weapons
 d - a +0 mace
 h - a +0 whip of electrocution (weapon)
Missiles
 c - 63 stones
Armour
 a - a +0 robe (worn)
 b - a +0 leather armour
 f - a +0 buckler
Jewellery
 e - a ring of resist corrosion (left hand)
Potions
 i - a potion of magic {unknown}


   Skills:
 + Level 0.2 Fighting
 + Level 0.1 Armour
 + Level 1.9 Dodging
 - Level 2.1 Stealth
 * Level 2.8 Spellcasting
 * Level 2.1 Conjurations
 * Level 4.7 Fire Magic


You had 3 spell levels left.
You knew the following spells:

 Your Spells              Type           Power      Damage    Failure   Level
a - Foxfire               Conj/Fire      56%        2x1d6     4%          1
b - Scorch                Fire           36%        2d7       3%          2
c - Conjure Flame         Conj/Fire      14%        6-21      13%         3

Your spell library contained the following spells:

 Spells                   Type           Power      Damage    Failure   Level
 Pain                     Necr           8%         1d4       19%         1
 Inner Flame              Hex/Fire       10%        N/A       21%         3
 Flame Wave               Conj/Fire      14%        3d5       38%         4
 Agony                    Necr           2%         N/A       99%         5
 Excruciating Wounds      Necr           1%         N/A       99%         5


Dungeon Overview and Level Annotations

Branches:
Dungeon (3/15)

Altars:


Innate Abilities, Weirdness & Mutations

You are immune to sickness and miasma.
Your stone body is resilient. (AC +4)
You are immune to poison.
You resist negative energy. (rN+)
You are resistant to electric shocks. (rElec)
You are resistant to unholy torment.
You are immune to petrification.


Message History

The orc is moderately wounded.
Unknown command.
Casting: Foxfire (safe; 4% risk of failure)
Confirm with . or Enter, or press ? or * to list all spells.
You conjure some foxfire!
The foxfire hits the orc but does no damage.
The orc is moderately wounded.
The foxfire hits the orc but does no damage.
The orc is moderately wounded.
The foxfire hits the orc.
The orc is heavily wounded.
Casting: Foxfire (safe; 4% risk of failure)
Confirm with . or Enter, or press ? or * to list all spells.
You don't have enough magic to cast this spell.
The foxfire hits the orc.
You kill the orc!
The foxfire hits something but does no damage.
You hear some strange, mumbled words.
You are confused.
You bump into the rock wall.
Something barely misses you.
You bump into the rock wall.
You hear the slow rusting of a very distant drain.
You hear some strange, mumbled words.
A magic dart appears from out of thin air!
The magic dart hits you!
You bump into the rock wall.
Something hits you but does no damage. The orc misses you.
You bump into the rock wall.
Something hits you. The orc hits you with a +0 flail.
You bump into the rock wall.
You feel less confused. Something hits you. The orc hits you with a +0 flail!
* * * LOW HITPOINT WARNING * * *
Casting: Foxfire (safe; 4% risk of failure)
Confirm with . or Enter, or press ? or * to list all spells.
You conjure some foxfire!
You hear some strange, mumbled words.
You are confused.
The orc hits you with a +0 flail!
You die...

#............#
##.
#####...$....# .#
#.........### #
#?........#
#.........#
#.........#
#.........#
#.......vv#
#........@#
#.......o{#
...........))....
.############o...
... .. .


You could see an orc (ally target).

Vanquished Creatures
  Jessica (D:2)
  Natasha (thrice) (D:2)
  3 dart slugs (D:1)
  2 orcs (D:3)
  2 ball pythons
  3 endoplasms
  A giant cockroach (D:1)
  5 hobgoblins
  3 quokkas
  6 bats
  3 frilled lizards
  4 kobolds
  3 rats
39 creatures vanquished.

Vanquished Creatures (others)
  126 foxfires
126 creatures vanquished.

Grand Total: 165 creatures vanquished

Notes
Turn   | Place    | Note
-------+----------+-------------------------------------------
     0 | D:1      | funkygono the Gargoyle Fire Elementalist began the quest
                  | for the Orb.
     0 | D:1      | Reached XP level 1. HP: 10/10 MP: 3/3
   100 | D:1      | Reached XP level 2. HP: 7/15 MP: 1/5
   147 | D:1      | Learned a level 2 spell: Scorch
  1004 | D:1      | Reached XP level 3. HP: 7/19 MP: 2/6
  1008 | D:1      | Learned a level 3 spell: Conjure Flame
  1704 | D:2      | Found a faded altar of an unknown god.
  1749 | D:2      | Noticed Natasha
  1751 | D:2      | Noticed Jessica
  1760 | D:2      | Killed Natasha
  1760 | D:2      | Killed Jessica
  1761 | D:2      | Reached skill level 4 in Fire Magic
  1761 | D:2      | Reached XP level 4. HP: 3/24 MP: 0/7
  2040 | D:2      | Noticed Natasha
  2055 | D:2      | Killed Natasha
  2404 | D:2      | Noticed Natasha
  2412 | D:2      | Killed Natasha
  2413 | D:2      | Reached XP level 5. HP: 18/28 MP: 3/9
  2680 | D:3      | Slain by an orc

Illustrated notes

Levels and vault maps discovered:
D:1:      nzn_arrival_depleted_hourglass, layout_loops_corners
D:2:      layout_rooms, ebering_ecumenical_altar_mist, chequers_arboretum,
          uniq_natasha, uniq_jessica
D:3:      layout_basic, gup_sewer_entry_bowl

Skill      XL: |  1  2  3  4 |
---------------+-------------+-----
Fire Magic     | 4 |  4.7
Conjurations   | 2 |  2.1
Fighting       | |  0.2
Armour         | |  0.1
Dodging        | |  1.9
Stealth        | |  2.1
Spellcasting   | |  2.8

Action                   |  1- 3 |  4- 6 || total
-------------------------+-------+-------++-------
Melee: Unarmed           |    28 |       ||    28
       Whip              |     2 |     5 ||     7
 Cast: Foxfire           |    39 |    35 ||    74
  Use: Scroll            |       |     3 ||     3
Armor: Leather armour    |     7 |       ||     7
       Robe              |     9 |     3 ||    12
Dodge: Dodged            |    36 |     5 ||    41

Table legend: (Time is in decaauts)
 A = Elapsed time spent in this place.
 B = Non-inter-level travel time spent in this place.
 C = Inter-level travel time spent in this place.
 D = Time resting spent in this place.
 E = Time spent auto-exploring this place.
 F = Levels seen in this place.
 G = Mean time per level.
                   A        B        C        D        E       F      G
               +--------+--------+--------+--------+--------+-----+--------+
         Total |   2698 |   2622 |     76 |    427 |   1804 |   3 |  899.3 |
       Dungeon |   2698 |   2622 |     76 |    427 |   1804 |   3 |  899.3 |
               +--------+--------+--------+--------+--------+-----+--------+

Top non-repeatable levels by time:
     D:1: 1548 daAuts
     D:2: 1045 daAuts
     D:3: 104 daAuts
